 Dungeon Crawl Stone Soup version 0.22-a0-855-g415d086bb8 (webtiles) character file.

291 LLavrengius the Shield-Bearer (level 6, -1/50 HPs)
             Began as a Formicid Fighter on July 26, 2018.
             Splashed by Ijyb's acid (12 damage)
             ... on level 3 of the Dungeon.
             The game lasted 00:08:40 (2351 turns).

LLavrengius the Shield-Bearer (Formicid Fighter)    Turns: 2351, Time: 00:08:41

Health: -1/50      AC:  6    Str: 23    XL:     6   Next: 58%
Magic:  6/6        EV:  9    Int:  7    God:
Gold:   113        SH: 10    Dex: 10    Spells: 5/5 levels left

rFire    . . .     SeeInvis +   a - +0 war axe
rCold    . . .     Gourm    .   c - +0 shield
rNeg     . . .     Faith    .   b - +0 scale mail
rPois    .         Spirit   .   (helmet unavailable)
rElec    .         Reflect  .   s - +0 cloak
rCorr    .         Harm     .   o - +0 pair of gloves
MR       .....                  k - +0 pair of boots
Stlth    ..........             (no amulet)
HPRegen  0.16/turn              (no ring)
MPRegen  0.10/turn              (no ring)

@: corroded
A: permanent stasis, dig shafts and tunnels, four strong arms, antennae 3
a: Dig, Shaft Self


You were on level 3 of the Dungeon.
You were not hungry.

You visited 1 branch of the dungeon, and saw 3 of its levels.

You collected 113 gold pieces.

Inventory:

Hand Weapons
 a - a +0 war axe (weapon)
 j - a +0 scythe
 y - a +0 shortbow
Missiles
 l - 87 stones (quivered)
 v - 18 poisoned needles
 z - 2 silver tomahawks
Armour
 b - a +0 scale mail (worn)
 c - a +0 shield (worn)
 k - a +0 pair of boots (worn)
 o - a +0 pair of gloves (worn)
 s - a +0 cloak (worn)
Wands
 x - a wand of iceblast (9)
Scrolls
 g - a scroll of random uselessness {unknown}
 h - a scroll of blinking {unknown}
 m - a scroll of magic mapping {unknown}
 n - a scroll of teleportation {unknown}
 p - 7 scrolls of identify {unknown}
 r - 3 scrolls of remove curse {unknown}
 u - 2 scrolls of fog {unknown}
 w - a scroll of fear {unknown}
Potions
 d - 2 potions of might
 e - a potion of resistance {unknown}
 i - a potion of curing
 q - a potion of ambrosia {unknown}
Comestibles
 f - 3 rations
 t - 6 chunks of flesh


   Skills:
 + Level 4.8 Fighting
 - Level 2.0 Axes
 - Level 3.2 Armour
 + Level 1.3 Dodging
 + Level 0.5 Stealth
 * Level 6.8 Shields


You had 5 spell levels left.
You didn't know any spells.
Your spell library was empty.

Dungeon Overview and Level Annotations

Branches:
Dungeon (3/15)

Altars:

Annotations:
D:3 Ijyb


Innate Abilities, Weirdness & Mutations

You cannot be hasted, slowed, berserked, paralysed or teleported.
You can dig through walls and to a lower floor.
Your four strong arms can wield two-handed weapons with a shield.
You have a pair of large antennae on your head. (SInv)


Message History

Ijyb is lightly wounded.
You block Ijyb's attack.
You hit Ijyb but do no damage.
Ijyb is lightly wounded.
Ijyb hits you but does no damage.
You closely miss Ijyb.
Ijyb is lightly wounded.
Ijyb hits you with a club. You block Ijyb's attack.
You hit Ijyb.
Ijyb is moderately wounded.
Ijyb hits you with a club.
You closely miss Ijyb.
Ijyb is moderately wounded.
Ijyb hits you but does no damage.
You closely miss Ijyb.
Ijyb is moderately wounded.
Ijyb zaps a wand.
The bolt of acid hits you!
* * * LOW HITPOINT WARNING * * *
The acid corrodes you!
You are splashed with acid!
The acid burns!
You die...

#.###....##.##.#.#...#####....
#.# #.[..##....#.#...#####..##
#.# #....####.##.#...#........
#.# #....# #.###.#.###....#.##
#.# #....####g##.....'....+...
#.# #{...'.......#.###....#.##
#.# #....####.##.#.# #....#...
#.# #.......##g#.#.# #....####
#.###.##....#@##+#.# #....#
#..................# #....#
#####.########.....# #....#
#.# #####.....# #....####
#.####...#.....# #........
#....#.#[#.....# #........
####.#.#.......# #####....
#.#.####....# #....
#......+....# #....


You could see Ijyb.

Vanquished Creatures
  Sigmund (D:2)
  Crazy Yiuf (D:2)
  Jessica (D:2)
  An adder (D:3)
  An ooze (D:1)
  A worm (D:3)
  2 dart slugs
  An orc (D:3)
  3 giant cockroaches
  3 hobgoblins
  12 jackals
  8 kobolds
  2 ball pythons (D:3)
  5 bats
  A frilled lizard (D:3)
  8 goblins
  4 rats
55 creatures vanquished.

Notes
Turn   | Place    | Note
-------+----------+-------------------------------------------
     0 | D:1      | LLavrengius the Formicid Fighter began the quest for the Orb.
     0 | D:1      | Reached XP level 1. HP: 18/18 MP: 1/1
   115 | D:1      | Reached skill level 4 in Shields
   174 | D:1      | Reached XP level 2. HP: 24/24 MP: 2/2
   416 | D:1      | Reached XP level 3. HP: 18/29 MP: 3/3
   870 | D:2      | Noticed Jessica
   879 | D:2      | Killed Jessica
   879 | D:2      | Reached skill level 5 in Shields
   879 | D:2      | Reached XP level 4. HP: 37/37 MP: 4/4
   961 | D:2      | Noticed Sigmund
   982 | D:2      | Killed Sigmund
   982 | D:2      | Reached skill level 1 in Dodging
   982 | D:2      | Reached skill level 6 in Shields
   982 | D:2      | Reached XP level 5. HP: 10/43 MP: 5/5
   982 | D:2      | Reached XP level 6. HP: 11/49 MP: 6/6
  1419 | D:2      | Found a runed door.
  1497 | D:2      | Noticed Crazy Yiuf
  1500 | D:2      | Killed Crazy Yiuf
  2328 | D:3      | Noticed Ijyb
  2351 | D:3      | Splashed by Ijyb's acid

Vault maps used:
D:1:      ncdulo_smallfort
D:2:      uniq_crazy_yiuf_cottage, uniq_sigmund, uniq_jessica
D:3:      uniq_ijyb

Skill      XL: |  1  2  3  4 |
---------------+-------------+-----
Shields        | 4 5 6 |  6.8
Fighting       | 4 |  4.8
Dodging        | 1 |  1.3
Axes           | |  2.0
Armour         | |  3.2
Stealth        | |  0.5

Action                   |  1- 3 |  4- 6 || total
-------------------------+-------+-------++-------
Melee: War axe           |    78 |   113 ||   191
       Scythe            |       |     5 ||     5
 Abil: Dig               |       |     2 ||     2
  Eat: Chunk             |       |     2 ||     2
       Ration            |       |     1 ||     1
Armor: Scale mail        |    38 |    43 ||    81
Dodge: Dodged            |    26 |    43 ||    69
Block: Shield            |    41 |    71 ||   112

Table legend:
 A = Spawn XP
 B = Non-spawn XP
 C = Spawn XP percentage of total XP
 D = Spawn monster count
 E = Non-spawn monster count
 F = Spawn count percentage of total count
 G = Total turns spent on level
                    A         B        C        D         E        F      G
               +---------+---------+-------+---------+---------+-------+---------
         Total |       0 |     416 |   0.0 |       0 |      55 |   0.0 |  2351
               +---------+---------+-------+---------+---------+-------+---------
           D:1 |       0 |      34 |   0.0 |       0 |      15 |   0.0 |   701
           D:2 |       0 |     322 |   0.0 |       0 |      15 |   0.0 |   996
           D:3 |       0 |      60 |   0.0 |       0 |      25 |   0.0 |   654
               +---------+---------+-------+---------+---------+-------+---------
